 Dungeon Crawl Stone Soup version 0.25-a0-474-ga8a2ee3166 (webtiles) character file.

Game seed: 17850255604585701620, levelgen mode: deterministic

33246 Lugonue the Severer (level 13, -9/114 HPs)
             Began as a Hill Orc Fighter on Feb 6, 2020.
             Was a Follower of Uskayaw.
             Drowned by a drowned soul (15 damage)
             ... summoned by a merfolk avatar
             ... on level 6 of the Lair of Beasts on Feb 7, 2020.
             The game lasted 00:38:42 (15518 turns).

Lugonue the Severer (Hill Orc Fighter)             Turns: 15518, Time: 00:38:47

Health: -9/114     AC: 22    Str: 20    XL:     13   Next: 69%
Magic:  14/14      EV: 17    Int: 15    God:    Uskayaw [*.....]
Gold:   1121       SH:  3    Dex: 15    Spells: 10/12 levels left

rFire    + . .     SeeInvis .   N - +3 executioner's axe (vorpal)
rCold    + . .     Gourm    .   (shield currently unavailable)
rNeg     . . .     Faith    .   x - +6 scale mail of the Doldrums {+Fly rF+ rC+}
rPois    +         Spirit   .   (no helmet)
rElec    .         Reflect  +   q - +2 cloak
rCorr    .         Harm     .   (no gloves)
MR       .....                  I - +2 pair of boots
Stlth    ++........             j - +3 amulet of reflection
HPRegen  0.29/turn              (no ring)
MPRegen  0.14/turn              S - +3 ring of intelligence

@: agile, very slow
A: talons 1, poison resistance, no potion heal 1
a: Stomp, Renounce Religion, Evoke Flight


You were on level 6 of the Lair of Beasts.
You worshipped Uskayaw.
Uskayaw was noncommittal.
You were hungry.

You visited 2 branches of the dungeon, and saw 18 of its levels.

You collected 1121 gold pieces.

Inventory:

Hand Weapons
 r - a +2 hand axe of flaming
 N - a +3 vorpal executioner's axe (weapon)
Missiles
 y - 2 atropa-tipped darts
 A - 16 poisoned darts (quivered)
Armour
 q - a +2 cloak (worn)
 x - the +6 scale mail of the Doldrums (worn) {+Fly rF+ rC+}
   (You found it on level 5 of the Dungeon)

   It protects you from fire.
   It protects you from cold.
   It lets you fly.
   If you remove this armour, your AC will fall 15 points (22 -> 7)
 I - a +2 pair of boots (worn)
Jewellery
 a - a +4 ring of strength {unknown}
 c - a +2 ring of evasion {unknown}
 j - a +3 amulet of reflection (around neck)
 S - a +3 ring of intelligence (right hand)
Wands
 p - a wand of flame (30)
 s - a wand of random effects (15)
 J - a wand of disintegration (8)
 M - a wand of paralysis (8)
Scrolls
 d - 4 scrolls of teleportation
 e - a scroll of magic mapping
 g - 6 scrolls of remove curse
 i - 2 scrolls of amnesia
 m - 7 scrolls of identify
 z - 3 scrolls of enchant armour
 B - a scroll of holy word
 C - a scroll of blinking
 K - a scroll of immolation
Potions
 h - 2 potions of cancellation
 k - 2 potions of berserk rage
 o - 3 potions of agility
 u - 5 potions of curing
 v - 5 potions of lignification
 w - 3 potions of invisibility
 D - a potion of flight
 E - 2 potions of resistance
 G - 2 potions of magic
 L - a potion of brilliance
Comestibles
 f - 29 rations


   Skills:
 + Level 10.5 Fighting
 * Level 20.1 Axes
 + Level 1.3 Throwing
 * Level 11.3 Armour
 + Level 4.0 Dodging
 + Level 5.9 Stealth
   Level 4.1 Shields
 + Level 1.4 Evocations


You had 10 spell levels left.
You knew the following spells:

 Your Spells              Type           Power        Failure   Level  Hunger
a - Blink                 Tloc           N/A          67%         2    ###....

Your spell library contained the following spells:

 Spells                   Type           Power        Failure   Level  Hunger
 Foxfire                  Conj/Fire      #...         52%         1    ##.....
 Magic Dart               Conj           #...         52%         1    ##.....
 Shock                    Conj/Air       #...         52%         1    ##.....
 Call Imp                 Summ           #.......     67%         2    ###....
 Slow                     Hex            #.......     67%         2    ###....
 Swiftness                Chrm/Air       #.......     67%         2    ###....
 Confusing Touch          Hex            #.......     88%         3    ####...
 Conjure Flame            Conj/Fire      #.......     88%         3    ####...
 Gell's Gravitas          Tloc           #.........   88%         3    ####...
 Inner Flame              Hex/Fire       #.......     88%         3    ####...
 Mephitic Cloud           Conj/Pois/Air  #.......     88%         3    ####...
 Static Discharge         Conj/Air       #.......     88%         3    ####...
 Airstrike                Air            #.........   99%         4    #####..
 Petrify                  Tmut/Erth      #.......     99%         4    #####..
 Sticky Flame             Conj/Fire      #.......     99%         4    #####..
 Fireball                 Conj/Fire      #.........   100%        5    ######.
 Lightning Bolt           Conj/Air       #.........   100%        5    ######.
 Metabolic Englaciation   Hex/Ice        #.........   100%        5    ######.
 Yara's Violent Unravell  Hex/Tmut       #.........   100%        5    ######.


Dungeon Overview and Level Annotations

Branches:
Dungeon (12/15)            Temple (0/1) D:7            Lair (6/6) D:9
  Swamp (0/4) Lair:4        Snake (0/4) Lair:2        Slime (0/5) Lair:5
    Orc (0/2) D:10

Altars:
Dithmenos
Elyvilon
Gozag
Makhleb
Nemelex Xobeh
Okawaru
Qazlal
Ru
Sif Muna
Uskayaw
Vehumet
Wu Jian
Xom
Yredelemnul
The Shining One
Beogh
Jiyva

Annotations:
D:4 3 runed translucent doors, ahope9320's ghost, amateur HuFi
D:10 2 transporters, zikan's ghost, journeyman HOFi
Lair:2 3 runed translucent doors, Torious's ghost, journeyman DECj
Lair:3 exclusion: oklob plant


Innate Abilities, Weirdness & Mutations

You have sharp toenails.
Your system is resistant to poisons. (rPois)
Potions are less effective at restoring your health.


Message History

Unknown command.
Press: ? - help, v - describe, . - travel, g - get item
Here: a merfolk avatar (almost dead, poisoned, mesmerising)
A poisoned dart.
Some shallow water.
Press: ? - help, v - describe, . - travel, g - get item
Here: a merfolk avatar (almost dead, poisoned, mesmerising)
A poisoned dart.
Some shallow water.
Unknown command.
Okay, then.
Unknown command.
As you read the scroll of fear, it crumbles to dust.
You assume a fearsome visage.
The drowned soul is unaffected. x2
The hornet looks frightened!
The merfolk avatar looks frightened!
The merfolk avatar stops singing.
You break out of your daze!
The merfolk avatar's song is interrupted.
The drowned soul touches you. The drowned soul drowns you!
You die...

#..#.≈####################≈##...
##..##≈#≈≈.#8≈≈≈≈≈≈≈≈8# ≈.≈.#≈..
#...≈≈≈≈≈≈≈#≈≈≈P≈≈≈≈≈≈# ≈≈≈≈≈≈≈..
#..≈P≈≈≈≈≈≈#≈≈≈≈≈≈≈≈≈≈# ≈≈#≈≈≈...
##...#≈≈≈≈≈#≈≈≈≈≈≈≈≈≈≈#≈ #≈.#≈..
#P..##≈.≈#≈.≈≈≈$)$)≈≈≈≈≈≈≈#≈##≈..
#...≈≈≈≈≈≈#.≈≈≈)W≈$≈≈≈≈P≈≈≈≈≈≈≈.†
.#..≈≈≈≈≈≈#.≈≈≈≈≈≈!≈≈≈≈≈8≈≈P≈≈.†#
.....#≈#≈#≈.≈≈≈%@)y≈≈≈≈≈≈≈#≈##≈..
....##≈≈≈≈≈#≈≈≈≈≈m≈≈≈≈#≈≈≈.≈#....
##P.≈≈≈≈≈≈≈#≈≈≈≈≈≈(≈≈≈# P≈.≈≈≈≈.P
#≈≈≈≈≈≈≈≈≈#≈≈≈≈(##(≈≈# ≈≈≈≈≈≈≈..
..#..#≈.≈≈≈#8≈≈≈≈≈≈≈≈.# ≈≈.≈..≈..
...≈.#≈.########..m#######.≈##...
...≈≈≈≈≈≈≈≈P≈≈≈≈#P≈≈≈≈≈≈≈≈≈≈≈≈≈..
#...≈≈≈≈≈≈≈≈≈≈≈P≈≈≈≈≈≈≈≈≈≈≈≈≈≈≈.#
##..##≈≈#.≈≈#.≈≈##≈≈##≈≈.#≈≈##≈.#


You could see a merfolk avatar (fleeing), a hornet (fleeing) and a drowned soul.

Vanquished Creatures
  Gastronok (Lair:2)
  An entropy weaver (Lair:5)
  Erolcha (D:11)
  2 hydras (Lair:1)
  A two-headed ogre (D:11)
  A queen ant (Lair:5)
  3 harpies (Lair:6)
  2 elephants (Lair:6)
  Maurice (D:8)
  Psyche (D:8)
  3 black mambas
  15 spiny frogs
  Joseph (D:7)
  3 rime drakes
  5 komodo dragons
  A wind drake (Lair:6)
  4 polar bears (Lair:6)
  17 blink frogs
  Grinder (D:3)
  A bog body (Lair:4)
  4 hippogriffs
  12 yaks (D:11)
  2 wyverns
  A basilisk (Lair:5)
  A human (D:11)
  A steam dragon (D:8)
  A hungry ghost (D:11)
  4 soldier ants (Lair:5)
  7 water moccasins
  2 swamp worms (Lair:4)
  Duvessa (D:6)
  4 ice beasts
  5 porcupines
  4 orc warriors
  3 sky beasts (D:5)
  A necrophage (D:10)
  4 phantoms
  4 centaurs (D:11)
  6 ogres
  20 crocodiles
  3 big kobolds
  10 bullfrogs
  A gnoll sergeant (D:10)
  2 wyvern skeletons (D:11)
  4 scorpions
  Dowan (D:6)
  4 wights (D:6)
  4 killer bees (D:9)
  2 howler monkeys
  An electric eel (Lair:4)
  2 crimson imps
  3 quasits
  Crazy Yiuf (D:3)
  2 jellies
  5 hounds
  5 orc priests
  4 bullfrog skeletons
  9 orc wizards
  Jessica (D:3)
  Ijyb (D:4)
  7 iguanas
  16 worker ants
  Natasha (D:2)
  A worker ant zombie (D:8)
  8 gnolls
  14 adders
  4 shadow imps
  An ooze (D:3)
  2 adder zombies
  2 adder skeletons
  3 worms
  4 dart slugs
  7 leopard geckos
  58 orcs
  A ball python (D:5)
  9 bats
  5 giant cockroaches
  5 goblins
  7 hobgoblins
  6 jackals
  3 quokkas
  A ball python skeleton (D:4)
  6 frilled lizards
  21 kobolds
  A leopard gecko skeleton (D:5)
  A quokka skeleton (D:4)
  A quokka zombie (D:7)
  5 rats
  A plant (Lair:6)
418 creatures vanquished.

Vanquished Creatures (collateral kills)
  A polar bear (Lair:6)
1 creature vanquished.

Vanquished Creatures (others)
  9 fungi
  32 plants
41 creatures vanquished.

Grand Total: 460 creatures vanquished

Notes
Turn   | Place    | Note
-------+----------+-------------------------------------------
     0 | D:1      | Lugonue the Hill Orc Fighter began the quest for the Orb.
     0 | D:1      | Reached XP level 1. HP: 19/19 MP: 1/1
   226 | D:1      | Reached XP level 2. HP: 22/27 MP: 2/2
   308 | D:1      | Reached skill level 3 in Axes
   418 | D:1      | Reached XP level 3. HP: 33/33 MP: 3/3
   835 | D:2      | Noticed an ogre
  1026 | D:2      | Gained mutation: You have sharp toenails. [potion of
                  | mutation]
  1026 | D:2      | Gained mutation: Potions are less effective at restoring
                  | your health. [potion of mutation]
  1026 | D:2      | Gained mutation: Your system is resistant to poisons.
                  | (rPois) [potion of mutation]
  1140 | D:2      | Killed an ogre
  1140 | D:2      | Reached skill level 5 in Axes
  1140 | D:2      | Reached XP level 4. HP: 15/40 MP: 4/4
  1140 | D:2      | Reached XP level 5. HP: 17/46 MP: 5/5
  1145 | D:2      | Found a white marble altar of Elyvilon.
  1428 | D:2      | Found a faded altar of an unknown god.
  1442 | D:2      | Reached skill level 1 in Dodging
  1453 | D:2      | Became a worshipper of Uskayaw the Reveler
  1453 | D:2      | Reached * piety under Uskayaw
  1551 | D:2      | Found a radiant altar of Vehumet.
  1563 | D:2      | Noticed Natasha
  1575 | D:2      | Killed Natasha
  1921 | D:2      | Reached ** piety under Uskayaw
  2316 | D:3      | Noticed Jessica
  2320 | D:3      | Killed Jessica
  2320 | D:3      | Reached XP level 6. HP: 39/52 MP: 6/6
  2322 | D:3      | Reached *** piety under Uskayaw
  2323 | D:3      | Reached skill level 6 in Axes
  2325 | D:3      | Reached **** piety under Uskayaw
  2540 | D:3      | Found a runed translucent door.
  2541 | D:3      | Noticed Crazy Yiuf
  2761 | D:3      | Noticed Grinder
  2766 | D:3      | Paralysed by Grinder for 6 turns
  2787 | D:3      | Killed Grinder
  2787 | D:3      | Reached skill level 7 in Axes
  2787 | D:3      | Reached XP level 7. HP: 32/59 MP: 7/7
  3052 | D:3      | Killed Crazy Yiuf
  3052 | D:3      | Reached skill level 5 in Armour
  3136 | D:4      | Noticed ahope9320's ghost (amateur HuFi)
  3171 | D:4      | Found a runed translucent gate.
  3171 | D:4      | Found a runed translucent gate.
  3171 | D:4      | Found a runed translucent gate.
  3277 | D:4      | Reached skill level 8 in Axes
  3277 | D:4      | Reached skill level 1 in Stealth
  3368 | D:4      | Reached ***** piety under Uskayaw
  3386 | D:4      | Noticed Ijyb
  3395 | D:4      | Killed Ijyb
  3786 | D:5      | Entered Level 5 of the Dungeon
  3806 | D:5      | Reached XP level 8. HP: 64/67 MP: 8/8
  3826 | D:5      | Reached skill level 9 in Axes
  3948 | D:5      | Reached skill level 10 in Axes
  3965 | D:5      | Reached skill level 5 in Fighting
  3972 | D:5      | Got a jewelled scale mail
  3983 | D:5      | Identified the +6 scale mail of the Doldrums {+Fly rF+ rC+}
                  | (You found it on level 5 of the Dungeon)
  3986 | D:5      | Learned a level 2 spell: Blink
  4215 | D:5      | Reached skill level 11 in Axes
  4215 | D:5      | Reached XP level 9. HP: 54/74 MP: 9/9
  4279 | D:5      | Found a stormy altar of Qazlal.
  4279 | D:5      | Found a burning altar of Makhleb.
  4461 | D:6      | Found a sparkling altar of Nemelex Xobeh.
  4476 | D:6      | Noticed Duvessa
  4476 | D:6      | Noticed Dowan
  4488 | D:6      | Killed Dowan
  4502 | D:6      | Killed Duvessa
  5010 | D:6      | Reached skill level 12 in Axes
  5170 | D:6      | Found a shadowy altar of Dithmenos.
  5289 | D:6      | Found a shimmering blue altar of Sif Muna.
  5292 | D:6      | Found a basalt altar of Yredelemnul.
  5303 | D:6      | Found an opulent altar of Gozag.
  5438 | D:7      | Found a shimmering altar of Xom.
  5449 | D:7      | Found an iron altar of Okawaru.
  5558 | D:7      | Found a staircase to the Ecumenical Temple.
  5645 | D:7      | Reached skill level 13 in Axes
  5683 | D:7      | Noticed Joseph
  5710 | D:7      | Killed Joseph
  5710 | D:7      | Reached XP level 10. HP: 33/84 MP: 10/10
  6332 | D:8      | Noticed Psyche
  6346 | D:8      | Killed Psyche
  6346 | D:8      | Reached skill level 14 in Axes
  6362 | D:8      | Found an ornate altar of the Wu Jian Council.
  6646 | D:8      | Noticed Maurice
  6656 | D:8      | Killed Maurice
  6714 | D:8      | Found a sacrificial altar of Ru.
  6882 | D:9      | Reached skill level 15 in Axes
  7247 | D:9      | Found a staircase to the Lair.
  7325 | D:9      | Found a glowing golden altar of the Shining One.
  7444 | D:10     | Entered Level 10 of the Dungeon
  7652 | D:10     | Reached XP level 11. HP: 65/92 MP: 11/11
  7686 | D:10     | Found a roughly hewn altar of Beogh.
  7686 | D:10     | Found a staircase to the Orcish Mines.
  7765 | D:10     | Found a transporter.
  7765 | D:10     | Noticed zikan's ghost (journeyman HOFi)
  7767 | D:10     | Noticed a moth of wrath
  7935 | D:10     | Found a transporter.
  7942 | D:10     | Noticed a manticore
  8092 | D:11     | Found an opulent altar of Gozag.
  8247 | D:11     | Reached skill level 16 in Axes
  8250 | D:11     | Reached ****** piety under Uskayaw
  8433 | D:11     | Noticed a two-headed ogre
  8448 | D:11     | Killed a two-headed ogre
  8764 | D:12     | Noticed a centaur warrior
  8764 | D:12     | Noticed a tengu warrior
  8764 | D:12     | Noticed a centaur warrior
  8764 | D:12     | Noticed a two-headed ogre
  8764 | D:12     | Noticed Erolcha
  8772 | D:11     | Killed Erolcha
  8813 | D:12     | Noticed a tengu warrior
  8813 | D:12     | Noticed a manticore
  8962 | Lair:1   | Entered Level 1 of the Lair of Beasts
  9014 | Lair:1   | Noticed a five-headed hydra
  9026 | Lair:1   | Killed a two-headed hydra
  9092 | Lair:1   | Noticed a four-headed hydra
  9105 | Lair:1   | Killed a one-headed hydra
  9105 | Lair:1   | Reached skill level 17 in Axes
  9105 | Lair:1   | Reached XP level 12. HP: 52/103 MP: 12/12
  9499 | Lair:1   | Reached skill level 5 in Stealth
  9887 | Lair:2   | Got an ancient mace
  9888 | Lair:2   | Identified the +1 mace of Stickiness {vamp, Int+2} (You
                  | found it on level 2 of the Lair of Beasts)
  9995 | Lair:2   | Found a staircase to the Snake Pit.
 10016 | Lair:2   | Noticed Gastronok
 10040 | Lair:2   | Killed Gastronok
 10040 | Lair:2   | Reached skill level 10 in Armour
 10177 | Lair:2   | Found a runed translucent gate.
 10178 | Lair:2   | Found a runed translucent gate.
 10179 | Lair:2   | Found a runed translucent gate.
 10179 | Lair:2   | Noticed Torious's ghost (journeyman DECj)
 11134 | Lair:4   | Reached skill level 18 in Axes
 11667 | Lair:4   | Identified a scroll of acquirement
 11667 | Lair:4   | Identified the ring of Waduvaic {+Fly Dex+3} (You acquired
                  | it on level 4 of the Lair of Beasts)
 11860 | Lair:4   | Found a staircase to the Swamp.
 11943 | Lair:4   | Got a twisted robe
 11946 | Lair:4   | Identified the +4 robe "Jacopat" {*Corrode rElec Slay+3}
                  | (You found it on level 4 of the Lair of Beasts)
 12999 | Lair:5   | Found a staircase to the Slime Pits.
 13001 | Lair:5   | Found a viscous altar of Jiyva.
 13141 | Lair:5   | Reached XP level 13. HP: 94/112 MP: 13/13
 13257 | Lair:5   | Noticed an entropy weaver
 13257 | Lair:5   | Noticed an entropy weaver
 13510 | Lair:5   | Killed an entropy weaver
 13510 | Lair:5   | Reached skill level 19 in Axes
 13510 | Lair:5   | Reached skill level 1 in Evocations
 13852 | Lair:6   | Entered Level 6 of the Lair of Beasts
 14033 | Lair:6   | Reached skill level 10 in Fighting
 14726 | Lair:6   | Found the +10 zealot's sword {holy, *Rage rN+ EV+3}
 15319 | Lair:6   | Reached skill level 20 in Axes
 15344 | Lair:6   | Reached skill level 1 in Throwing
 15517 | Lair:6   | HP: 5/114 [drowned by a drowned soul[a merfolk avatar]
                  | (11)]
 15518 | Lair:6   | Drowned by a drowned soul

Levels and vault maps discovered:
D:1:      nicolae_arrival_memento_mori, layout_basic, supply_closet_lemuel,
          minmay_cupped
D:2:      layout_loops_corners, vehumet_crystals, elyvilon_altar_5,
          chequers_ecumenical_altar_island, first_ration, uniq_natasha
D:3:      layout_loops_cross, uniq_crazy_yiuf_cottage, uniq_jessica,
          uniq_grinder
D:4:      layout_loops_ring, gammafunk_ghost_icy,
          chequers_serial_rivers_micro_b, kennysheep_generic_room_9, uniq_ijyb
D:5:      layout_cave_pools, gammafunk_temple_overflow_elements,
          hangedman_decor_lopped
D:6:      layout_gridville, grunt_dithmenos_smoke, minitemple,
          overflow_temple_1_default, chequers_serial_rivers_micro_a,
          minmay_strange_pillars, uniq_duvessa
D:7:      layout_rooms, lemuel_round_altar, minmay_temple_entry_antechambers,
          minmay_misc_feat_more_columns, okawaru_trees_2, uniq_joseph
D:8:      layout_basic, lemuel_coloured_pillars_altar,
          overflow_temple_1_default, uniq_maurice, uniq_psyche
D:9:      layout_basic, nicolae_tso_carved_into_rock, david_lair_shrubbed
D:10:     layout_rooms, david_orc_5, gammafunk_ghost_berserking_beasts
D:11:     layout_basic, basic_altar, grunt_pizzeria
D:12:     minmay_ambush_box, layout_cave_pools, basic_altar, serial_shops, shop,
          nicolae_shop_crystal, uniq_erolcha, uniq_urug
Lair:1:   layout_chaotic_city
Lair:2:   layout_hall_layers, dummy_snake_entry, ebering_ghost_rock_garden,
          uniq_gastronok
Lair:3:   layout_chaotic_city, minivault_11
Lair:4:   layout_regular_city, nicolae_swamp_entry_splash_gauntlet,
          st_stairs_13, serial_bayou_pond_c, serial_bayou_shore_a
Lair:5:   layout_long_grid, slime_altar_1, wad_woods_antlair
Lair:6:   gammafunk_lair_ancient_temple, layout_layer_cave

Skill      XL: |  1  2  3  4  5  6  7  8  9 10 11 12 13 |
---------------+----------------------------------------+-----
Axes           | 3 5 7 8 11 13 15 17 18 20 | 20.1
Fighting       | 4 5 6 7 8 9 10 | 10.5
Armour         | 4 5 6 7 8 9 10 11 | 11.3
Dodging        | 1 2 3 4 |  4.0
Shields        | 4 |  4.1
Stealth        | 1 2 3 4 5 |  5.9
Evocations     | 1 |  1.4
Throwing       | 1 |  1.3

Action                   |  1- 3 |  4- 6 |  7- 9 | 10-12 | 13-15 || total
-------------------------+-------+-------+-------+-------+-------++-------
Melee: War axe           |   111 |   100 |   410 |   471 |       ||  1092
       Kick              |     3 |    19 |   109 |    44 |       ||   175
       Hand axe          |       |       |       |    59 |       ||    59
       Battleaxe         |       |       |       |    94 |       ||    94
       Executioner's axe |       |       |       |    80 |   186 ||   266
       Mace              |       |       |       |    20 |       ||    20
Throw: Dart              |       |       |     7 |     4 |     7 ||    18
Invok: Stomp             |       |       |     1 |       |     1 ||     2
Evoke: Wand              |       |       |       |     7 |    10 ||    17
  Use: Potion            |     2 |       |     1 |     4 |     7 ||    14
       Scroll            |     1 |     3 |     4 |    23 |     6 ||    37
 Stab: Paralysed         |       |     4 |    12 |    40 |     9 ||    65
       Distracted        |       |       |     1 |       |       ||     1
       Invisible         |       |       |       |       |     2 ||     2
       Sleeping          |       |       |       |       |     2 ||     2
  Eat: Chunk             |       |     4 |     8 |    13 |     7 ||    32
       Ration            |       |     1 |       |     4 |       ||     5
Armor: Scale mail        |    71 |    57 |   144 |   308 |   111 ||   691
Dodge: Dodged            |    32 |    38 |   154 |   288 |   100 ||   612
Block: Shield            |    47 |    36 |       |       |       ||    83
       Other             |       |     1 |    43 |    65 |    14 ||   123
       Reflection        |       |       |     1 |     2 |       ||     3

Table legend:
 A = Non-vault XP
 B = Vault XP
 C = Vault XP percentage of total XP
 D = Non-vault monster count
 E = Vault monster count
 F = Vault count percentage of total count
                 A         B        C        D         E       F
            +---------+---------+-------+---------+---------+-------
      Total |   30242 |   17253 |  36.3 |     339 |      79 |  18.9
            +---------+---------+-------+---------+---------+-------
        D:1 |      38 |       4 |   9.5 |      19 |       3 |  13.6
        D:2 |     231 |      35 |  13.2 |      26 |       1 |   3.7
        D:3 |      87 |     343 |  79.8 |      12 |       3 |  20.0
        D:4 |     418 |      38 |   8.3 |      27 |       2 |   6.9
        D:5 |    1179 |       0 |   0.0 |      24 |       0 |   0.0
        D:6 |    1351 |     208 |  13.3 |      29 |       2 |   6.5
        D:7 |     928 |     445 |  32.4 |      26 |       1 |   3.7
        D:8 |    1213 |     950 |  43.9 |      31 |       2 |   6.1
        D:9 |     910 |     372 |  29.0 |      26 |       1 |   3.7
       D:10 |     474 |     439 |  48.1 |      16 |      23 |  59.0
       D:11 |    4529 |    1151 |  20.3 |      30 |       2 |   6.2
     Lair:1 |    4540 |       0 |   0.0 |      12 |       0 |   0.0
     Lair:2 |     581 |    2099 |  78.3 |       4 |       1 |  20.0
     Lair:3 |    3166 |       0 |   0.0 |      13 |       0 |   0.0
     Lair:4 |    2911 |     623 |  17.6 |      11 |       4 |  26.7
     Lair:5 |    2887 |    3031 |  51.2 |      15 |      11 |  42.3
     Lair:6 |    4799 |    7515 |  61.0 |      18 |      23 |  56.1
            +---------+---------+-------+---------+---------+-------
